Map: Last Fantasy LE

Players

ManlyManMeat

  • Race: Zerg Zerg
  • League: Platinum
  • Spawn Location: 7:00

VOD

Have the link to the VOD?

Description

Time

  • Played on: June 20, 2025, 3:13 p.m.
  • Length: 23:17
Show
View Real Time Build Order
Export as new Build Order

ManlyManMeat Zerg 

Build Orders:  

Get SALT Encoding   

  12  0:00  Drone  
  13  0:11  Drone  
  14  0:23  Drone, Extractor  
  15  0:31  Overlord  
  15  0:57  Drone  
  16  1:06  Hatchery  
  15  1:10  Drone  
  15  1:15  Drone  
  17  1:29  Extractor  
  16  1:39  Spawning Pool  
  15  1:44  Drone  
  16  1:52  Drone  
  16  1:53  Drone  
  18  2:04  Drone  
  19  2:20  Drone  
  20  2:31  Overlord  
  20  2:45  Queen  
  20  2:48  Queen  
  24  2:58  Zergling x2  
  24  2:59  Zergling x2  
  26  3:07  Drone x2  
  28  3:16  Overlord  
  28  3:24  Drone  
  29  3:37  Drone x2  
  31  3:56  Hatchery  
  31  3:59  Drone  
  31  4:04  Drone x2  
  33  4:15  Drone  
  33  4:16  Drone  
  33  4:18  Metabolic Boost  
  35  4:36  Drone x2, Hatchery  
  35  4:37  Drone  
  37  5:04  Drone x3  
  37  5:05  Drone x2  
  37  5:06  Overlord  
  42  5:16  Queen  
  44  5:24  Drone, Extractor  
  44  5:32  Drone  
  44  5:33  Drone  
  44  5:34  Drone x2  
  44  5:35  Drone  
  49  5:42  Drone  
  49  5:43  Drone x3  
  49  5:44  Queen  
  49  5:49  Drone  
  56  6:01  Drone x2  
  56  6:06  Overlord  
  58  6:17  Queen  
  60  6:20  Queen  
  60  6:25  Drone x2  
  64  6:37  Extractor  
  64  6:38  Extractor  
  62  6:42  Lair  
  62  6:52  Drone  
  62  6:53  Drone x4  
  62  6:54  Drone x3  
  62  6:55  Drone x2  
  72  7:04  Overlord x2  
  72  7:05  Overlord x4  
  72  7:33  Drone x8  
  72  7:34  Drone  
  72  7:35  Drone x2  
  72  7:36  Drone  
  72  7:39  Drone  
  85  7:40  Drone x2, Extractor  
  85  7:41  Extractor  
  85  7:42  Drone  
  85  7:43  Drone  
  85  7:44  Drone  
  88  7:52  Hatchery  
  88  7:53  Drone  
  88  7:56  Drone  
  88  7:57  Drone x2  
  91  8:19  Drone  
  51  8:20  Drone x4  
  92  8:23  Extractor  
  92  8:26  Extractor  
  92  8:28  Infestation Pit  
  92  8:29  Drone x3  
  52  8:30  Drone x2, Evolution Chamber  
  96  8:32  Evolution Chamber  
  96  8:34  Evolution Chamber  
  96  8:40  Evolution Chamber  
  96  8:42  Drone  
  96  8:43  Drone x2  
  96  8:44  Drone  
  99  8:52  Drone x2  
  99  8:53  Drone x4  
  99  8:54  Drone x2  
  107  9:16  Drone  
  107  9:18  Drone  
  107  9:19  Drone x3  
  112  9:20  Drone  
  113  9:39  Hatchery, Queen  
  114  9:42  Hatchery  
  114  9:45  Drone  
  114  9:46  Drone x4  
  114  9:47  Drone x2  
  120  9:51  Extractor  
  120  9:52  Drone x3, Extractor  
  120  9:53  Drone  
  120  9:54  Drone x2  
  120  9:56  Zerg Melee Weapons Level 1, Zerg Ground Armor Level 1, Zerg Missile Weapons Level 1  
  120  9:58  Neural Parasite  
  124  10:30  Hatchery  
  124  10:31  Hatchery  
  124  10:34  Hatchery  
  124  10:38  Hive  
  121  10:46  Infestor x2  
  125  10:55  Zergling x2  
  125  10:57  Overlord x4  
  125  10:58  Overlord x7  
  126  11:05  Baneling Nest  
  126  11:08  Hydralisk Den  
  124  11:10  Roach Warren  
  124  11:13  Roach Warren  
  122  11:27  Infestor x2  
  122  11:28  Infestor x3  
  132  11:45  Spire  
  132  11:48  Ultralisk Cavern  
  130  11:50  Ultralisk Cavern  
  129  12:50  Drone x2  
  129  12:51  Drone x4  
  129  12:52  Drone x3  
  129  12:59  Zerg Melee Weapons Level 2, Zerg Ground Armor Level 2  
  138  13:00  Zerg Missile Weapons Level 2  
  138  13:07  Drone x3  
  138  13:09  Drone x3  
  144  13:15  Burrow, Pneumatized Carapace  
  144  13:18  Queen x2  
  146  13:21  Drone x4  
  146  13:23  Drone, Extractor  
  146  13:24  Drone x2  
  146  13:26  Drone x2  
  146  13:27  Drone  
  146  13:28  Extractor  
  153  13:47  Chitinous Plating  
  153  13:58  Unknown  
  153  14:06  Unknown  
  153  14:17  Ultralisk x7  
  195  14:20  Zergling x6  
  195  14:21  Zergling x2  
  199  14:42  Overlord x3  
  199  14:43  Overlord  
  199  14:47  Overseer x3  
  199  14:48  Overseer x5  
  199  15:03  Ultralisk  
  199  15:04  Ultralisk x6  
  199  15:08  Infestor x2  
  199  15:09  Infestor x4  
  199  15:22  Glial Reconstitution  
  199  15:24  Tunneling Claws  
  199  16:29  Adrenal Overload  
  199  16:37  Zerg Melee Weapons Level 3, Zerg Missile Weapons Level 3  
  199  16:38  Zerg Ground Armor Level 3  
  199  16:50  Unknown  
  199  17:33  Nexus  
Tags
 
League
Platinum
Matchup
Co-op
Replay Pack
Myownreplay2
Add a new tag
Caveats
  • Supply blocks, unpowered buildings, or Contaminate may cause inaccurate times.
  • Supply counts are checked every 10 seconds.